[ AOE2 MATCH · #475708282 ]
Team RMSpanish vs Italians
[ REPLAY ANALYSIS · EXTRACTED FROM THE RECORDED GAME ]
Feudal
10:59
Castle
15:48
Imperial
33:33
| APM avg | 45.0 |
| APM peak | 92 |
| eAPM avg | 22.5 |
| Villagers / military | 155 / 271 |
Focus
⚔️ 40.0% · 🌾 60.0%
Spearman ×84 · Skirmisher ×57 · Scout Cavalry ×49 · Conquistador ×39 · Knight ×21 · Trade Cart ×20
Feudal
10:31
Castle
15:41
Imperial
27:22
| APM avg | 27.2 |
| APM peak | 75 |
| eAPM avg | 16.7 |
| Villagers / military | 124 / 527 |
Focus
⚔️ 34.3% · 🌾 65.7%
Scout Cavalry ×374 · Knight ×144 · Scorpion ×9
Feudal
11:55
Castle
14:46
Imperial
31:41
| APM avg | 48.9 |
| APM peak | 102 |
| eAPM avg | 24.0 |
| Villagers / military | 163 / 408 |
Focus
⚔️ 35.9% · 🌾 64.1%
Skirmisher ×212 · Battle Elephant ×171 · Bombard Cannon ×12 · Monk ×4 · Trebuchet (Packed) ×3 · Karambit Warrior ×2
Feudal
10:31
Castle
14:26
Imperial
30:44
| APM avg | 42.5 |
| APM peak | 103 |
| eAPM avg | 26.7 |
| Villagers / military | 121 / 176 |
Focus
⚔️ 36.4% · 🌾 63.6%
Genoese Crossbowman ×121 · Unknown (882) ×77 · Scout Cavalry ×37 · Trebuchet (Packed) ×12 · Monk ×4 · Bombard Cannon ×2
Match map
Initial resources + every placement click. Lines = walls · curves = elevation contours. ◆ gold · ⬟ stone · ● berries · ✦ relic · ◌ wall gap
Your base· ✓ Closed at 15:48 · 0t walls · 2 gate(s)
MartiniBR's base· ✓ Closed at 15:41 · 0t walls · 2 gate(s)
cory2045's base· ✓ Closed at 14:46 · 0t walls · 2 gate(s)
maxwell54's base· ✓ Closed at 14:26 · 0t walls · 2 gate(s)
Smoothed initial terrain · ◌ = detected wall gap · hover for details
Inputs per minute
— Raduky - - MartiniBR
Build order — Raduky
First 150 of 593 actions detected
| 0:01 | Create | Villager (Male) |
| 0:03 | Create | Villager (Male) |
| 0:05 | Build | House |
| 0:06 | Build | House |
| 0:09 | Create | Villager (Male) |
| 0:24 | Create | Villager (Male) |
| 1:26 | Create | Villager (Male) |
| 1:52 | Build | Lumber Camp |
| 2:03 | Create | Villager (Male) |
| 2:15 | Create | Villager (Male) |
| 2:50 | Create | Villager (Male) |
| 3:04 | Create | Villager (Male) |
| 3:37 | Create | Villager (Male) |
| 3:54 | Create | Villager (Male) |
| 3:55 | Build | House |
| 3:56 | Build | House |
| 4:26 | Create | Villager (Male) |
| 4:26 | Create | Villager (Male) |
| 4:40 | Build | Mill |
| 4:55 | Create | Villager (Male) |
| 4:56 | Create | Villager (Male) |
| 5:51 | Create | Villager (Male) |
| 6:07 | Create | Villager (Male) |
| 6:08 | Create | Villager (Male) |
| 6:57 | Create | Villager (Male) |
| 7:25 | Create | Villager (Male) |
| 7:39 | Build | Mining Camp |
| 7:41 | Create | Villager (Male) |
| 8:12 | Create | Villager (Male) |
| 8:49 | Research | Feudal Age |
| 8:52 | Build | Mining Camp |
| 9:45 | Create | Villager (Male) |
| 9:47 | Create | Villager (Male) |
| 9:59 | Build | House |
| 10:48 | Build | Farm |
| 10:52 | Build | Farm |
| 10:54 | Build | Farm |
| 10:59 | Age | Feudal Age |
| 11:03 | Build | Market |
| 11:07 | Build | Blacksmith |
| 11:21 | Build | Farm |
| 11:49 | Create | Villager (Male) |
| 12:01 | Build | Farm |
| 12:43 | Research | Loom |
| 13:02 | Research | Castle Age |
| 13:10 | Build | Farm |
| 13:28 | Research | Double-Bit Axe |
| 14:01 | Build | House |
| 14:05 | Research | Horse Collar |
| 14:12 | Build | Farm |
| 14:40 | Build | Farm |
| 15:10 | Create | Villager (Male) |
| 15:10 | Create | Villager (Male) |
| 15:48 | Age | Castle Age |
| 15:54 | Build | Castle |
| 16:01 | Research | Bow Saw |
| 16:10 | Build | Town Center |
| 16:15 | Create | Villager (Male) |
| 16:27 | Build | Farm |
| 16:47 | Create | Villager (Male) |
| 16:59 | Create | Villager (Male) |
| 17:05 | Build | Farm |
| 17:14 | Create | Conquistador |
| 17:24 | Create | Conquistador |
| 17:25 | Create | Villager (Male) |
| 17:30 | Build | Farm |
| 17:32 | Build | Farm |
| 17:35 | Build | Farm |
| 17:36 | Create | Villager (Male) |
| 17:36 | Create | Villager (Male) |
| 17:40 | Create | Villager (Male) |
| 18:11 | Create | Villager (Male) |
| 18:11 | Create | Villager (Male) |
| 18:21 | Build | Monastery |
| 18:24 | Build | Farm |
| 18:34 | Create | Villager (Male) |
| 18:50 | Create | Villager (Male) |
| 18:54 | Create | Villager (Male) |
| 18:54 | Create | Villager (Male) |
| 18:57 | Build | Farm |
| 18:57 | Build | Farm |
| 19:08 | Build | Farm |
| 19:17 | Create | Villager (Male) |
| 19:23 | Build | Farm |
| 19:25 | Create | Monk |
| 19:31 | Create | Villager (Male) |
| 19:35 | Build | Farm |
| 19:37 | Build | Farm |
| 19:44 | Build | Lumber Camp |
| 19:50 | Research | Wheelbarrow |
| 20:06 | Build | Farm |
| 20:08 | Create | Villager (Male) |
| 20:12 | Build | Farm |
| 20:19 | Create | Villager (Male) |
| 20:27 | Create | Villager (Male) |
| 20:30 | Create | Monk |
| 20:39 | Create | Villager (Male) |
| 20:40 | Create | Conquistador |
| 20:47 | Create | Villager (Male) |
| 20:55 | Build | Farm |
| 20:55 | Build | Farm |
| 20:58 | Build | Farm |
| 21:16 | Create | Villager (Male) |
| 21:26 | Create | Conquistador |
| 21:28 | Create | Villager (Male) |
| 21:30 | Build | Mill |
| 21:34 | Build | Barracks |
| 21:44 | Create | Villager (Male) |
| 21:44 | Create | Villager (Male) |
| 21:48 | Research | Fletching |
| 21:48 | Research | Padded Archer Armor |
| 21:54 | Build | Farm |
| 22:09 | Build | House |
| 22:11 | Create | Villager (Male) |
| 22:16 | Build | House |
| 22:17 | Build | House |
| 22:17 | Build | House |
| 22:18 | Build | House |
| 22:19 | Create | Villager (Male) |
| 22:19 | Create | Villager (Male) |
| 22:24 | Build | House |
| 22:27 | Build | House |
| 22:27 | Build | House |
| 22:27 | Build | House |
| 22:28 | Build | House |
| 22:30 | Build | House |
| 22:30 | Build | House |
| 22:31 | Create | Villager (Male) |
| 22:31 | Create | Villager (Male) |
| 22:39 | Create | Villager (Male) |
| 22:40 | Create | Villager (Male) |
| 22:43 | Build | Archery Range |
| 22:45 | Build | Archery Range |
| 22:52 | Create | Villager (Male) |
| 22:52 | Create | Villager (Male) |
| 22:54 | Build | Farm |
| 22:59 | Research | Gold Mining |
| 23:04 | Create | Villager (Male) |
| 23:20 | Build | Town Center |
| 23:35 | Create | Skirmisher |
| 23:35 | Create | Skirmisher |
| 23:41 | Create | Villager (Male) |
| 23:54 | Create | Villager (Male) |
| 23:55 | Research | Town Watch |
| 23:56 | Create | Villager (Male) |
| 23:57 | Create | Skirmisher |
| 23:57 | Create | Skirmisher |
| 23:58 | Research | Elite Skirmisher (upgrade) |
| 24:03 | Create | Villager (Male) |
| 24:03 | Create | Villager (Male) |
Build order — MartiniBR
First 150 of 512 actions detected
| 0:00 | Create | Villager (Male) |
| 0:01 | Create | Villager (Male) |
| 0:01 | Create | Villager (Male) |
| 0:01 | Create | Villager (Male) |
| 0:02 | Build | House |
| 0:05 | Build | House |
| 1:19 | Create | Villager (Male) |
| 1:47 | Build | Lumber Camp |
| 1:53 | Create | Villager (Male) |
| 1:53 | Create | Villager (Male) |
| 2:22 | Create | Villager (Male) |
| 2:40 | Create | Villager (Male) |
| 3:05 | Create | Villager (Male) |
| 3:33 | Build | House |
| 3:36 | Build | House |
| 3:37 | Create | Villager (Male) |
| 3:55 | Create | Villager (Male) |
| 4:26 | Create | Villager (Male) |
| 4:56 | Create | Villager (Male) |
| 5:06 | Build | Mill |
| 5:08 | Create | Villager (Male) |
| 5:47 | Create | Villager (Male) |
| 5:48 | Create | Villager (Male) |
| 6:33 | Create | Villager (Male) |
| 6:45 | Create | Villager (Male) |
| 7:06 | Build | Mill |
| 7:15 | Create | Villager (Male) |
| 7:29 | Create | Villager (Male) |
| 7:53 | Build | Mining Camp |
| 8:06 | Research | Feudal Age |
| 8:25 | Build | Farm |
| 9:13 | Build | Farm |
| 9:17 | Build | Farm |
| 9:52 | Create | Villager (Male) |
| 9:53 | Create | Villager (Male) |
| 10:25 | Create | Villager (Male) |
| 10:26 | Create | Villager (Male) |
| 10:31 | Age | Feudal Age |
| 10:35 | Build | Blacksmith |
| 10:40 | Build | Market |
| 10:53 | Build | Farm |
| 11:13 | Build | Farm |
| 11:55 | Build | Farm |
| 12:10 | Create | Villager (Male) |
| 12:14 | Build | Farm |
| 12:24 | Build | Farm |
| 12:29 | Create | Villager (Male) |
| 12:58 | Research | Castle Age |
| 14:06 | Build | Farm |
| 14:07 | Build | Farm |
| 14:09 | Build | Farm |
| 14:15 | Research | Horse Collar |
| 14:16 | Research | Double-Bit Axe |
| 14:19 | Research | Wheelbarrow |
| 15:41 | Age | Castle Age |
| 15:51 | Build | Town Center |
| 15:57 | Research | Bow Saw |
| 16:36 | Create | Villager (Male) |
| 16:54 | Build | Town Center |
| 17:01 | Create | Villager (Male) |
| 17:01 | Create | Villager (Male) |
| 17:27 | Create | Villager (Male) |
| 17:28 | Create | Villager (Male) |
| 17:28 | Create | Villager (Male) |
| 17:41 | Build | Farm |
| 17:45 | Build | Farm |
| 18:01 | Build | Mill |
| 18:02 | Create | Villager (Male) |
| 18:10 | Create | Villager (Male) |
| 18:12 | Create | Villager (Male) |
| 18:12 | Create | Villager (Male) |
| 18:13 | Create | Villager (Male) |
| 18:13 | Create | Villager (Male) |
| 18:35 | Build | Farm |
| 18:36 | Build | Farm |
| 18:43 | Create | Villager (Male) |
| 18:44 | Create | Villager (Male) |
| 18:44 | Create | Villager (Male) |
| 19:06 | Build | Farm |
| 19:11 | Build | Farm |
| 19:12 | Create | Villager (Male) |
| 19:13 | Create | Villager (Male) |
| 19:34 | Build | Farm |
| 19:34 | Build | Farm |
| 19:36 | Build | Farm |
| 19:36 | Create | Villager (Male) |
| 19:37 | Create | Villager (Male) |
| 19:37 | Create | Villager (Male) |
| 19:37 | Create | Villager (Male) |
| 19:43 | Create | Villager (Male) |
| 19:44 | Create | Villager (Male) |
| 20:05 | Build | House |
| 20:06 | Build | House |
| 20:08 | Build | House |
| 20:09 | Build | House |
| 20:25 | Build | Mill |
| 20:26 | Build | Farm |
| 20:27 | Build | Farm |
| 20:27 | Build | Farm |
| 20:38 | Create | Villager (Male) |
| 20:39 | Create | Villager (Male) |
| 20:39 | Create | Villager (Male) |
| 20:42 | Build | Farm |
| 20:43 | Build | Farm |
| 20:55 | Create | Villager (Male) |
| 20:55 | Create | Villager (Male) |
| 20:56 | Create | Villager (Male) |
| 21:02 | Build | Farm |
| 21:24 | Create | Villager (Male) |
| 21:24 | Create | Villager (Male) |
| 21:24 | Create | Villager (Male) |
| 21:30 | Build | Farm |
| 21:30 | Build | Farm |
| 21:30 | Build | Farm |
| 21:32 | Build | Farm |
| 21:33 | Build | Farm |
| 21:50 | Create | Villager (Male) |
| 21:51 | Create | Villager (Male) |
| 21:51 | Create | Villager (Male) |
| 22:02 | Build | Mill |
| 22:16 | Build | Castle |
| 22:23 | Build | Castle |
| 22:26 | Build | Mining Camp |
| 22:32 | Create | Villager (Male) |
| 22:33 | Create | Villager (Male) |
| 22:33 | Create | Villager (Male) |
| 22:33 | Create | Villager (Male) |
| 22:33 | Create | Villager (Male) |
| 22:37 | Build | Farm |
| 22:45 | Build | Barracks |
| 22:46 | Create | Villager (Male) |
| 22:55 | Research | Scale Barding Armor |
| 22:56 | Research | Forging |
| 23:05 | Create | Villager (Male) |
| 23:05 | Create | Villager (Male) |
| 23:06 | Create | Villager (Male) |
| 23:06 | Create | Villager (Male) |
| 23:09 | Build | Farm |
| 23:16 | Build | Lumber Camp |
| 23:33 | Create | Villager (Male) |
| 23:33 | Create | Villager (Male) |
| 23:48 | Build | Stable |
| 23:52 | Build | Stable |
| 23:56 | Build | Stable |
| 24:05 | Research | Imperial Age |
| 24:06 | Create | Villager (Male) |
| 24:06 | Create | Villager (Male) |
| 24:06 | Create | Villager (Male) |
| 24:12 | Create | Villager (Male) |
| 24:32 | Research | Bloodlines |
Build order — cory2045
First 150 of 564 actions detected
| 0:01 | Create | Villager (Male) |
| 0:01 | Create | Villager (Male) |
| 0:01 | Create | Villager (Male) |
| 0:02 | Create | Villager (Male) |
| 0:02 | Build | House |
| 0:03 | Build | House |
| 1:26 | Create | Villager (Male) |
| 1:26 | Create | Villager (Male) |
| 1:44 | Build | Lumber Camp |
| 2:03 | Create | Villager (Male) |
| 2:03 | Create | Villager (Male) |
| 2:20 | Build | House |
| 2:29 | Create | Villager (Male) |
| 2:52 | Create | Villager (Male) |
| 3:20 | Create | Villager (Male) |
| 3:20 | Create | Villager (Male) |
| 3:55 | Create | Villager (Male) |
| 3:55 | Create | Villager (Male) |
| 4:16 | Build | Mill |
| 4:19 | Create | Villager (Male) |
| 4:20 | Create | Villager (Male) |
| 4:47 | Create | Villager (Male) |
| 4:47 | Create | Villager (Male) |
| 5:09 | Create | Villager (Male) |
| 5:10 | Create | Villager (Male) |
| 5:14 | Build | House |
| 5:28 | Create | Villager (Male) |
| 5:28 | Create | Villager (Male) |
| 5:41 | Create | Villager (Male) |
| 5:49 | Create | Villager (Male) |
| 5:49 | Create | Villager (Male) |
| 5:57 | Build | House |
| 6:15 | Create | Villager (Male) |
| 6:15 | Create | Villager (Male) |
| 6:43 | Create | Villager (Male) |
| 7:03 | Create | Villager (Male) |
| 7:11 | Build | Mill |
| 7:12 | Create | Villager (Male) |
| 7:23 | Create | Villager (Male) |
| 7:23 | Create | Villager (Male) |
| 7:24 | Create | Villager (Male) |
| 7:37 | Create | Villager (Male) |
| 7:37 | Create | Villager (Male) |
| 7:37 | Create | Villager (Male) |
| 7:38 | Create | Villager (Male) |
| 7:56 | Create | Villager (Male) |
| 8:10 | Build | Farm |
| 8:21 | Build | Farm |
| 8:57 | Build | House |
| 9:26 | Build | Lumber Camp |
| 9:27 | Create | Villager (Male) |
| 9:46 | Create | Villager (Male) |
| 9:47 | Research | Feudal Age |
| 9:53 | Build | Farm |
| 10:23 | Build | Mining Camp |
| 10:32 | Create | Villager (Male) |
| 10:32 | Create | Villager (Male) |
| 10:50 | Build | Farm |
| 10:53 | Build | Farm |
| 11:55 | Age | Feudal Age |
| 11:58 | Build | Market |
| 12:10 | Build | Blacksmith |
| 12:11 | Create | Villager (Male) |
| 12:55 | Build | Mining Camp |
| 13:05 | Research | Castle Age |
| 13:18 | Build | House |
| 13:35 | Research | Double-Bit Axe |
| 13:35 | Research | Double-Bit Axe |
| 13:43 | Build | Barracks |
| 14:36 | Research | Horse Collar |
| 14:43 | Build | Archery Range |
| 14:46 | Age | Castle Age |
| 14:48 | Create | Villager (Male) |
| 14:56 | Create | Villager (Male) |
| 15:12 | Create | Villager (Male) |
| 15:22 | Create | Spearman |
| 15:29 | Build | Monastery |
| 16:00 | Create | Villager (Male) |
| 16:03 | Create | Villager (Male) |
| 16:13 | Build | Town Center |
| 16:14 | Create | Monk |
| 16:21 | Build | House |
| 16:33 | Create | Villager (Male) |
| 16:33 | Create | Villager (Male) |
| 16:51 | Create | Villager (Male) |
| 16:53 | Research | Loom |
| 17:11 | Create | Monk |
| 17:22 | Create | Skirmisher |
| 17:22 | Create | Skirmisher |
| 17:33 | Create | Villager (Male) |
| 17:40 | Build | Archery Range |
| 17:52 | Build | Castle |
| 18:02 | Build | Castle |
| 18:11 | Create | Villager (Male) |
| 18:11 | Create | Villager (Male) |
| 18:14 | Build | House |
| 18:15 | Build | House |
| 18:25 | Build | University |
| 18:27 | Build | Farm |
| 18:28 | Build | Farm |
| 18:28 | Build | Farm |
| 18:45 | Build | Farm |
| 18:58 | Create | Skirmisher |
| 18:59 | Create | Skirmisher |
| 19:04 | Build | Farm |
| 19:21 | Create | Skirmisher |
| 19:21 | Create | Skirmisher |
| 19:24 | Build | Farm |
| 19:31 | Build | Farm |
| 19:32 | Create | Villager (Male) |
| 19:32 | Create | Villager (Male) |
| 19:35 | Build | Farm |
| 19:35 | Build | Farm |
| 19:35 | Build | Farm |
| 19:35 | Build | Farm |
| 19:40 | Build | Farm |
| 19:46 | Build | House |
| 20:05 | Create | Villager (Male) |
| 20:05 | Create | Villager (Male) |
| 20:11 | Create | Skirmisher |
| 20:11 | Create | Skirmisher |
| 20:14 | Build | Farm |
| 20:21 | Create | Villager (Male) |
| 20:21 | Create | Villager (Male) |
| 20:32 | Create | Skirmisher |
| 20:32 | Create | Skirmisher |
| 20:36 | Build | Farm |
| 20:43 | Build | Farm |
| 20:48 | Build | Lumber Camp |
| 20:50 | Create | Villager (Male) |
| 20:51 | Create | Villager (Male) |
| 20:53 | Create | Skirmisher |
| 20:53 | Create | Skirmisher |
| 20:55 | Build | House |
| 20:56 | Build | House |
| 21:11 | Create | Villager (Male) |
| 21:11 | Create | Villager (Male) |
| 21:22 | Create | Karambit Warrior |
| 21:23 | Build | Farm |
| 21:24 | Build | Farm |
| 21:27 | Build | Farm |
| 21:28 | Build | Farm |
| 21:28 | Build | Farm |
| 21:42 | Create | Villager (Male) |
| 21:43 | Create | Villager (Male) |
| 21:47 | Build | Farm |
| 21:58 | Create | Villager (Male) |
| 22:10 | Build | Town Center |
| 22:11 | Create | Villager (Male) |
| 22:16 | Create | Skirmisher |
Build order — maxwell54
First 150 of 531 actions detected
| 0:01 | Create | Villager (Male) |
| 0:02 | Build | House |
| 0:02 | Create | Villager (Male) |
| 0:03 | Build | House |
| 0:04 | Create | Villager (Male) |
| 0:04 | Create | Villager (Male) |
| 1:25 | Create | Villager (Male) |
| 1:44 | Build | Lumber Camp |
| 1:59 | Create | Villager (Male) |
| 2:18 | Create | Villager (Male) |
| 2:18 | Create | Villager (Male) |
| 2:51 | Create | Villager (Male) |
| 2:51 | Create | Villager (Male) |
| 3:10 | Create | Villager (Male) |
| 3:23 | Build | House |
| 3:24 | Build | House |
| 3:25 | Build | House |
| 3:41 | Create | Villager (Male) |
| 4:00 | Create | Villager (Male) |
| 4:30 | Create | Villager (Male) |
| 4:51 | Create | Villager (Male) |
| 4:56 | Build | Mill |
| 5:18 | Create | Villager (Male) |
| 5:18 | Create | Villager (Male) |
| 5:22 | Create | Villager (Male) |
| 5:32 | Build | Mill |
| 5:56 | Create | Villager (Male) |
| 5:56 | Create | Villager (Male) |
| 5:56 | Create | Villager (Male) |
| 6:27 | Create | Villager (Male) |
| 6:51 | Create | Villager (Male) |
| 7:04 | Create | Villager (Male) |
| 7:35 | Build | Mining Camp |
| 8:15 | Research | Feudal Age |
| 8:25 | Build | Mining Camp |
| 8:45 | Build | Farm |
| 8:49 | Build | Farm |
| 8:57 | Create | Villager (Male) |
| 8:58 | Create | Villager (Male) |
| 9:02 | Create | Villager (Male) |
| 10:31 | Age | Feudal Age |
| 10:33 | Build | Market |
| 10:38 | Build | Blacksmith |
| 11:40 | Research | Castle Age |
| 11:52 | Build | House |
| 11:54 | Build | House |
| 12:11 | Research | Double-Bit Axe |
| 12:37 | Build | Farm |
| 12:56 | Research | Horse Collar |
| 13:28 | Build | Farm |
| 13:45 | Research | Fletching |
| 14:09 | Create | Villager (Male) |
| 14:23 | Create | Villager (Male) |
| 14:26 | Age | Castle Age |
| 14:33 | Build | Town Center |
| 14:54 | Build | Farm |
| 14:59 | Create | Villager (Male) |
| 15:18 | Build | Farm |
| 15:23 | Build | Monastery |
| 15:29 | Create | Villager (Male) |
| 15:40 | Build | Farm |
| 15:50 | Create | Villager (Male) |
| 15:59 | Build | Castle |
| 16:11 | Create | Villager (Male) |
| 16:14 | Create | Monk |
| 16:14 | Create | Monk |
| 16:17 | Build | Farm |
| 16:31 | Research | Bow Saw |
| 16:53 | Create | Villager (Male) |
| 17:15 | Create | Villager (Male) |
| 17:30 | Research | Loom |
| 17:31 | Create | Villager (Male) |
| 17:36 | Build | Farm |
| 17:37 | Build | Farm |
| 17:38 | Build | Farm |
| 17:43 | Build | Farm |
| 17:44 | Create | Villager (Male) |
| 17:47 | Build | Farm |
| 17:57 | Create | Villager (Male) |
| 18:15 | Create | Villager (Male) |
| 18:19 | Build | Farm |
| 18:26 | Build | Farm |
| 18:28 | Create | Genoese Crossbowman |
| 18:29 | Create | Genoese Crossbowman |
| 18:29 | Create | Genoese Crossbowman |
| 18:34 | Create | Villager (Male) |
| 18:36 | Build | Farm |
| 18:47 | Build | Farm |
| 18:47 | Build | Farm |
| 18:48 | Build | Farm |
| 18:48 | Build | Farm |
| 18:48 | Build | Farm |
| 18:50 | Create | Villager (Male) |
| 18:50 | Create | Villager (Male) |
| 19:09 | Create | Genoese Crossbowman |
| 19:09 | Create | Genoese Crossbowman |
| 19:11 | Build | Farm |
| 19:13 | Build | Farm |
| 19:14 | Create | Villager (Male) |
| 19:20 | Create | Villager (Male) |
| 19:24 | Build | Farm |
| 19:26 | Create | Villager (Male) |
| 19:33 | Create | Genoese Crossbowman |
| 19:33 | Create | Genoese Crossbowman |
| 19:41 | Create | Villager (Male) |
| 19:43 | Create | Villager (Male) |
| 19:58 | Create | Villager (Male) |
| 20:11 | Create | Villager (Male) |
| 20:26 | Research | Bodkin Arrow |
| 20:31 | Create | Villager (Male) |
| 20:34 | Build | Farm |
| 20:35 | Build | Farm |
| 20:37 | Create | Villager (Male) |
| 20:37 | Create | Villager (Male) |
| 20:52 | Create | Villager (Male) |
| 21:17 | Create | Villager (Male) |
| 21:22 | Create | Villager (Male) |
| 21:32 | Build | Mill |
| 21:33 | Build | Farm |
| 21:34 | Create | Villager (Male) |
| 21:37 | Build | Farm |
| 21:37 | Build | Farm |
| 21:37 | Build | Farm |
| 21:37 | Build | Farm |
| 21:38 | Create | Villager (Male) |
| 21:40 | Create | Villager (Male) |
| 21:49 | Create | Villager (Male) |
| 21:52 | Build | Farm |
| 21:56 | Research | Wheelbarrow |
| 21:57 | Create | Villager (Male) |
| 22:10 | Create | Villager (Male) |
| 22:17 | Build | Town Center |
| 22:18 | Create | Villager (Male) |
| 22:19 | Create | Villager (Male) |
| 22:24 | Create | Villager (Male) |
| 22:34 | Create | Villager (Male) |
| 22:48 | Create | Villager (Male) |
| 22:49 | Create | Villager (Male) |
| 22:57 | Create | Villager (Male) |
| 23:04 | Create | Villager (Male) |
| 23:06 | Create | Villager (Male) |
| 23:08 | Build | Farm |
| 23:08 | Build | Farm |
| 23:08 | Build | Farm |
| 23:08 | Build | Farm |
| 23:08 | Build | Farm |
| 23:09 | Build | Farm |
| 23:09 | Build | Farm |
| 23:09 | Build | Farm |
| 23:11 | Create | Villager (Male) |
Match timeline
| 10:31 | MartiniBR · age_up feudal |
| 10:31 | maxwell54 · age_up feudal |
| 10:59 | Raduky · age_up feudal |
| 11:55 | cory2045 · age_up feudal |
| 13:43 | cory2045 · first_building Barracks |
| 14:26 | maxwell54 · age_up castle |
| 14:43 | cory2045 · first_building Archery Range |
| 14:46 | cory2045 · age_up castle |
| 15:23 | maxwell54 · first_building Monastery |
| 15:29 | cory2045 · first_building Monastery |
| 15:41 | MartiniBR · age_up castle |
| 15:48 | Raduky · age_up castle |
| 15:54 | Raduky · first_building Castle |
| 15:59 | maxwell54 · first_building Castle |
| 17:52 | cory2045 · first_building Castle |
| 18:21 | Raduky · first_building Monastery |
| 21:34 | Raduky · first_building Barracks |
| 22:09 | maxwell54 · first_market_buy 100 stone |
| 22:16 | MartiniBR · first_building Castle |
| 22:43 | Raduky · first_building Archery Range |
| 22:45 | MartiniBR · first_building Barracks |
| 23:00 | MartiniBR · first_market_sell 100 food |
| 23:04 | cory2045 · first_building Stable |
| 23:48 | MartiniBR · first_building Stable |
| 26:59 | maxwell54 · first_building Barracks |
| 27:22 | MartiniBR · age_up imperial |
| 29:45 | cory2045 · first_market_buy 100 food |
| 29:58 | MartiniBR · wall_segment Stone Wall x5 |
| 29:59 | MartiniBR · wall_segment Stone Wall x10 |
| 30:01 | MartiniBR · wall_segment Stone Wall x17 |
| 30:02 | MartiniBR · wall_segment Stone Wall x5 |
| 30:02 | Raduky · first_market_sell 100 wood |
| 30:06 | maxwell54 · first_market_sell 100 food |
| 30:09 | Raduky · first_market_buy 100 food |
| 30:36 | maxwell54 · first_building Archery Range |
| 30:44 | maxwell54 · age_up imperial |
| 31:27 | MartiniBR · wall_segment Stone Wall x8 |
| 31:33 | MartiniBR · wall_segment Stone Wall x14 |
| 31:41 | cory2045 · age_up imperial |
| 32:35 | cory2045 · first_building Siege Workshop |
| 33:07 | MartiniBR · first_building Siege Workshop |
| 33:33 | Raduky · age_up imperial |
| 35:16 | maxwell54 · first_building Siege Workshop |
| 37:06 | Raduky · first_building Stable |
| 43:41 | maxwell54 · first_building Stable |
| 49:50 | Raduky · resign |
[ AI ANALYSIS · 1 CREDIT ]
What really happened in this match?
Wolo.gg analyzes every decision: build order, eco, micro, common mistakes by bracket. Personalized analysis on WhatsApp or Discord in 30 seconds.
Civ guide
Spanish
Map guide
Arena
Perfil
Jugador #14432017